Map: Blackpink LE

Players

Infamous - Winner!

  • Race: Protoss Protoss
  • League: Silver
  • Spawn Location: 1:00

BioBalls

  • Race: Zerg Zerg
  • League: Gold
  • Spawn Location: 7:00

VOD

Have the link to the VOD?

Description

Time

  • Played on: March 26, 2018, 10:47 a.m.
  • Length: 8:42
Show
View Real Time Build Order
Export as new Build Order

Infamous Protoss - Winner!

Build Orders:  

Get SALT Encoding   

  12  0:01  Probe  
  13  0:13  Probe  
  14  0:20  Pylon  
  14  0:25  Probe  
  15  0:41  Gateway  
  15  0:43  Probe (Chrono Boost)  
  16  0:53  Probe (Chrono Boost)  
  16  0:54  Assimilator  
  17  1:02  Probe  
  18  1:24  Probe  
  19  1:48  Cybernetics Core, Zealot (Chrono Boost)  
  19  1:53  Pylon  
  21  1:56  Probe  
  21  2:00  Assimilator  
  22  2:04  Pylon  
  22  2:13  Probe  
  23  2:24  Warp Gate  
  23  2:25  Probe  
  24  2:32  Pylon  
  24  2:33  Robotics Facility  
  24  2:38  Nexus  
  24  2:43  Pylon  
  24  2:44  Probe  
  24  2:50  Adept (Chrono Boost)  
  27  2:59  Probe  
  28  3:12  Gateway  
  28  3:18  Probe  
  29  3:21  Observer (Chrono Boost)  
  30  3:29  Gateway  
  30  3:30  Probe  
  31  3:42  Immortal  
  35  3:50  Probe (Chrono Boost)  
  37  3:55  Probe (Chrono Boost)  
  37  4:00  Probe (Chrono Boost)  
  39  4:04  Probe (Chrono Boost)  
  39  4:06  Probe  
  40  4:14  Probe  
  40  4:17  Gateway  
  41  4:27  Forge  
  41  4:31  Probe (Chrono Boost)  
  41  4:37  Probe (Chrono Boost)  
  43  4:42  Probe (Chrono Boost)  
  43  4:45  Assimilator  
  44  4:47  Probe  
  44  4:49  Assimilator  
  45  4:58  Probe  
  45  4:59  Probe  
  47  5:02  Adept  
  47  5:06  Gateway  
  49  5:07  Gateway  
  49  5:09  Gateway  
  47  5:14  Stalker x2  
  51  5:25  Zealot x2  
  55  5:32  Pylon  
  55  5:34  Protoss Ground Weapons Level 1 (Chrono Boost)  
  55  5:36  Twilight Council  
  55  5:41  Adept x2  
  59  5:43  Probe (Chrono Boost)  
  61  5:53  Zealot  
  61  5:55  Probe (Chrono Boost)  
  61  5:56  Probe (Chrono Boost)  
  64  6:03  Probe (Chrono Boost)  
  65  6:09  Charge (Chrono Boost)  
  65  6:17  Zealot  
  67  6:18  Pylon, Sentry  
  67  6:21  Pylon  
  69  6:44  Immortal (Chrono Boost), Pylon  
  69  6:47  Pylon  
  73  6:50  Zealot x3  
  73  6:51  Pylon, Zealot  
  81  7:10  Pylon  
  81  7:11  Shield Battery  
  81  7:15  Shield Battery  
  81  7:18  Photon Cannon  
  81  7:19  Shield Battery  
  81  7:23  Photon Cannon  
  81  7:36  Zealot x3  
  81  7:37  Zealot  
  89  7:50  Stalker x2  
  93  7:55  Probe x2  
  95  8:17  Templar Archives  
  95  8:22  Adept x4  
  95  8:23  Adept  
Show
View Real Time Build Order
Export as new Build Order

BioBalls Zerg 

Build Orders: Pool First 

Get SALT Encoding   

  12  0:01  Drone  
  13  0:09  Extractor  
  13  0:12  Drone  
  13  0:35  Spawning Pool  
  13  0:41  Drone x2  
  14  0:56  Overlord  
  14  1:08  Extractor, Drone  
  15  1:22  Zergling x2  
  15  1:23  Drone  
  15  1:25  Queen  
  19  2:09  Drone x3, Roach Warren  
  21  2:28  Drone  
  22  2:33  Overlord  
  22  2:35  Overlord  
  22  2:45  Extractor  
  22  2:46  Drone  
  22  2:57  Hatchery  
  22  2:58  Drone  
  22  3:00  Drone  
  23  3:06  Roach  
  23  3:11  Drone  
  26  3:22  Roach x3  
  32  3:33  Zergling x2  
  33  3:36  Metabolic Boost  
  33  3:39  Lair  
  33  3:53  Drone  
  34  4:02  Hatchery  
  33  4:31  Evolution Chamber  
  31  4:36  Evolution Chamber  
  30  4:48  Drone x6  
  30  4:49  Drone x4  
  35  5:30  Zerg Ground Armor Level 1, Zerg Missile Weapons Level 1  
  35  5:35  Extractor  
  34  5:36  Drone x3  
  34  5:37  Extractor, Drone x2  
  34  5:38  Drone  
  34  5:42  Drone x3  
  42  5:43  Drone x3  
  45  5:52  Queen  
  45  5:55  Queen  
  49  6:01  Overlord  
  49  6:27  Tunneling Claws  
  49  6:41  Zergling x2  
  49  6:46  Hatchery  
  49  6:53  Spire  
  48  6:57  Spore Crawler  
  48  6:59  Drone x4, Spine Crawler  
  48  7:00  Spore Crawler  
  49  7:08  Spore Crawler  
  48  7:09  Spore Crawler  
  48  7:13  Drone x5  
  48  7:14  Spore Crawler  
  47  7:38  Roach  
  47  7:39  Roach x4  
  57  8:04  Spine Crawler  
  56  8:07  Spine Crawler  
  55  8:17  Drone x2  
  55  8:18  Drone x3  
  55  8:19  Overlord  
  60  8:20  Overlord x2  
Tags
 
Matchup
PvZ
Opening
Pool First
Replay Pack
Last Remnant (2)
Spawn Locations
Cross Positions
Add a new tag
Caveats
  • Supply blocks, unpowered buildings, or Contaminate may cause inaccurate times.
  • Supply counts are checked every 10 seconds.